Map: Blackpink LE

Players

sOs - Winner!

  • Race: Protoss Protoss
  • Spawn Location: 1:00

DnS

  • Race: Protoss Protoss
  • Spawn Location: 7:00

Event: IEM Season 12 - PyeongChang

VOD

Have the link to the VOD?

Description

Time

  • Played on: Feb. 5, 2018, 1:13 a.m.
  • Length: 10:43

All games in this series

Show
View Real Time Build Order
Export as new Build Order

sOs Protoss - Winner!

Build Orders: Oracle Opening 

Get SALT Encoding   

  12  0:00  Probe  
  13  0:12  Probe  
  14  0:17  Pylon  
  14  0:24  Probe (Chrono Boost)  
  15  0:36  Probe (Chrono Boost)  
  15  0:39  Gateway  
  16  0:44  Probe (Chrono Boost)  
  16  0:47  Assimilator  
  17  0:51  Probe (Chrono Boost)  
  17  0:54  Assimilator  
  18  1:03  Probe (Chrono Boost)  
  19  1:11  Probe (Chrono Boost)  
  20  1:14  Gateway  
  20  1:17  Probe  
  21  1:27  Cybernetics Core  
  21  1:29  Probe  
  22  1:33  Pylon  
  22  1:41  Probe  
  23  1:53  Probe  
  24  1:58  Warp Gate (Chrono Boost)  
  24  2:03  Stalker x2  
  28  2:12  Pylon  
  28  2:27  Pylon  
  28  2:33  Stalker x2  
  32  2:52  Gateway  
  32  3:03  Stalker x2  
  36  3:08  Stargate  
  34  3:43  Pylon  
  32  3:53  Oracle (Chrono Boost)  
  32  3:54  Shield Battery  
  35  3:59  Stalker  
  37  4:02  Stalker  
  37  4:07  Stalker  
  41  4:13  Probe  
  38  4:23  Stalker  
  40  4:29  Phoenix (Chrono Boost)  
  38  4:55  Stalker x3  
  44  5:06  Phoenix (Chrono Boost)  
  37  5:37  Phoenix  
  37  5:39  Probe  
  40  6:00  Sentry  
  42  6:04  Phoenix  
  42  6:06  Zealot  
  42  6:09  Pylon  
  47  6:18  Probe  
  47  6:31  Phoenix  
  48  6:38  Stalker, Zealot  
  52  6:56  Phoenix  
  52  6:57  Probe  
  55  7:04  Pylon  
  54  7:26  Phoenix (Chrono Boost)  
  54  7:27  Probe  
  54  7:29  Adept  
  58  7:39  Probe  
  58  7:45  Phoenix (Chrono Boost)  
  60  7:55  Probe  
  60  7:57  Pylon  
  61  8:08  Pylon  
  61  8:17  Phoenix (Chrono Boost)  
  63  8:26  Stalker  
  65  8:37  Stalker  
  67  8:44  Phoenix  
  69  8:52  Pylon  
  59  9:16  Phoenix  
  61  9:41  Nexus  
  61  9:45  Phoenix (Chrono Boost)  
  63  10:02  Robotics Facility  
Show
View Real Time Build Order
Export as new Build Order

DnS Protoss 

Build Orders: Oracle Opening 

Get SALT Encoding   

  12  0:00  Probe  
  13  0:12  Probe  
  14  0:18  Pylon  
  14  0:24  Probe (Chrono Boost)  
  15  0:36  Probe (Chrono Boost)  
  15  0:39  Gateway  
  16  0:44  Probe (Chrono Boost)  
  16  0:45  Assimilator  
  17  0:51  Probe (Chrono Boost)  
  17  0:53  Assimilator  
  18  1:03  Probe (Chrono Boost)  
  19  1:11  Probe (Chrono Boost)  
  20  1:14  Gateway  
  20  1:17  Probe  
  21  1:26  Cybernetics Core  
  21  1:29  Probe  
  22  1:34  Pylon  
  22  1:41  Probe  
  23  1:53  Probe  
  24  2:00  Warp Gate (Chrono Boost)  
  24  2:02  Stalker  
  24  2:03  Stalker  
  28  2:12  Pylon  
  28  2:20  Stargate  
  28  2:32  Stalker  
  28  2:35  Stalker  
  32  3:01  Oracle (Chrono Boost)  
  35  3:11  Nexus  
  35  3:21  Pylon  
  35  3:25  Shield Battery  
  35  3:26  Probe  
  32  3:55  Stalker  
  32  3:56  Stalker  
  32  4:01  Void Ray (Chrono Boost)  
  37  4:04  Shield Battery  
  37  4:22  Stalker x2  
  41  4:26  Pylon  
  41  4:41  Phoenix  
  41  4:51  Stalker  
  43  4:55  Stalker  
  43  5:00  Shield Battery  
  40  5:17  Stalker  
  40  5:19  Stalker  
  34  5:31  Phoenix (Chrono Boost)  
  33  5:42  Adept x2  
  37  5:47  Phoenix  
  39  6:10  Adept x2  
  43  6:19  Phoenix (Chrono Boost)  
  41  6:41  Phoenix (Chrono Boost)  
  41  6:57  Adept x2  
  41  6:59  Pylon  
  43  7:02  Phoenix  
  45  7:15  Pylon  
  45  7:23  Stalker x2  
  45  7:29  Pylon  
  48  7:43  Phoenix (Chrono Boost)  
  50  7:50  Adept x2  
  50  8:19  Nexus  
  50  8:28  Sentry  
  50  8:32  Phoenix (Chrono Boost)  
  54  8:45  Adept  
  54  9:02  Phoenix  
  42  9:04  Stalker  
  44  9:16  Stalker  
  37  9:30  Phoenix (Chrono Boost)  
  35  9:41  Adept x2  
  35  10:02  Nexus  
  32  10:15  Probe  
  31  10:22  Sentry  
  31  10:25  Stalker  

Tags
 
Add a new tag
Caveats
  • Supply blocks, unpowered buildings, or Contaminate may cause inaccurate times.
  • Supply counts are checked every 10 seconds.